 Dungeon Crawl Stone Soup version 0.28-a0-1159-g27aa881441 (webtiles) character file.

Game seed: 17236673416350078263

2506 Vertinox the Covert (level 9, -2/41 HPs)
             Began as a Spriggan Enchanter on Dec 15, 2021.
             Was an Initiate of Dithmenos.
             Killed by nerve-wracking pain
             ... invoked by an orc priest
              (5 damage)
             ... on level 8 of the Dungeon.
             The game lasted 00:16:36 (9480 turns).

Vertinox the Covert (Spriggan Enchanter)            Turns: 9480, Time: 00:16:36

Health: -2/41      AC:  8    Str:  8    XL:     9   Next: 28%
Magic:  11/22      EV: 18    Int: 17    God:    Dithmenos [......]
Gold:   52         SH:  0    Dex: 15    Spells: 17/25 levels left

rFire   . . .      SeeInvis +   v - +1 dagger (venom)
rCold   . . .      Faith    .   (shield restricted)
rNeg    . . .      Spirit   .   r - +1 steam dragon scales
rPois   +          Reflect  .   (helmet restricted)
rElec   .          Harm     .   d - +1 cloak
rCorr   .          Rampage  .   (gloves unavailable)
Will    +....                   (boots unavailable)
Stlth   +++++.....              i - amulet of magic regeneration
HPRegen 0.13/turn               g - ring of poison resistance
MPRegen 0.58/turn               (no ring)

@: very quick
A: very small, no large weapons, unfitting armour, see invisible, speed 3
a: Renounce Religion


You were on level 8 of the Dungeon.
You worshipped Dithmenos.
Dithmenos was noncommittal.
You visited 2 branches of the dungeon, and saw 9 of its levels.

You collected 324 gold pieces.
You spent 272 gold pieces at shops.

Inventory:

Hand Weapons
 a - a +2 dagger
 t - a +0 rapier
 v - a +1 dagger of venom (weapon)
Missiles
 j - 68 poisoned darts (quivered)
 s - a throwing net
Armour
 c - a +2 robe of willpower
 d - a +1 cloak (worn)
 m - a +1 robe of fire resistance
 r - +1 steam dragon scales (worn)
Jewellery
 g - a ring of poison resistance (left hand)
 i - an amulet of magic regeneration (around neck)
 B - a ring of ice
Wands
 k - a wand of charming (6)
 p - a wand of polymorph (4)
Scrolls
 h - 2 scrolls of teleportation
 u - a scroll of amnesia
 x - 2 scrolls of immolation
 y - a scroll of fear
 A - a scroll of magic mapping
Potions
 b - a potion of attraction {unknown}
 e - 3 potions of degeneration {unknown}
 f - a potion of haste
 l - 2 potions of berserk rage
 n - 2 potions of lignification {unknown}
 o - a potion of resistance
 q - 4 potions of curing
 w - 3 potions of brilliance
 z - a potion of flight {unknown}


   Skills:
 + Level 1.0 Fighting
 + Level 2.1 Short Blades
 + Level 3.5 Dodging
 + Level 12.1 Stealth
 + Level 8.7 Spellcasting
 + Level 9.0 Hexes


You had 17 spell levels left.
You knew the following spells:

 Your Spells              Type           Power      Damage    Failure   Level
a - Ensorcelled Hibernat  Hex/Ice        44%        N/A       2%          2
b - Tukima's Dance        Hex            38%        N/A       1%          3
c - Dazzling Flash        Conj/Hex       44%        N/A       4%          3

Your spell library contained the following spells:

 Spells                   Type           Power      Damage    Failure   Level
 Confusing Touch          Hex            38%        N/A       1%          3
 Portal Projectile        Hex/Tloc       44%        N/A       4%          3
 Blink                    Tloc           14%        N/A       14%         2
 Scorch                   Fire           14%        2d5       14%         2
 Leda's Liquefaction      Hex/Erth       11%        N/A       16%         4
 Call Canine Familiar     Summ           7%         N/A       28%         3
 Lesser Beckoning         Tloc           7%         N/A       28%         3
 Flame Wave               Conj/Fire      7%         2d4       67%         4
 Manifold Assault         Tloc           7%         N/A       95%         5
 Summon Cactus Giant      Summ           3%         N/A       100%        6


Dungeon Overview and Level Annotations

Branches:
Dungeon (8/15)             Temple (1/1) D:6
   Lair: D:8-11

Altars:
Ashenzari
Dithmenos
Elyvilon
Fedhas
Gozag
Hepliaklqana
Kikubaaqudgha
Makhleb
Nemelex Xobeh
Okawaru
Qazlal
Ru
Sif Muna
Trog
Vehumet
Wu Jian
Xom
Yredelemnul
Zin
The Shining One

Shops:
D:7 (**


Innate Abilities, Weirdness & Mutations

You are very small and have problems with some larger weapons.
You are too small for most types of armour.
You have supernaturally acute eyesight. (SInv)
You cover ground extremely quickly. (Speed+++)


Message History

The orc warrior struggles to resist.
The orc warrior misses you. The orc priest misses you.
Unknown command.
Casting: Tukima's Dance (safe; 1% risk of failure)
Confirm with . or Enter, or press ? or * to list all spells.
Aiming: Tukima's Dance (safe; 1% risk of failure)
Press: ? - help, Shift-Dir - straight line, f/p - orc warrior
Aim: an orc warrior, wielding a +0 dire flail and wearing a +0 plate armour (chance to affect: 66%)
The +0 dire flail dances into the air!
The orc priest barely misses you. The orc warrior closely misses you.
The orc priest invokes the aid of Beogh against you.
Beogh smites you!
Casting: Tukima's Dance (safe; 1% risk of failure)
Confirm with . or Enter, or press ? or * to list all spells.
Aiming: Ensorcelled Hibernation (safe; 2% risk of failure)
Press: ? - help, Shift-Dir - straight line, f - orc priest, p - orc warrior
Aim: an orc priest, wielding a +0 dagger (chance to affect: 51%)
The orc priest resists with some effort.
The orc priest hits you but does no damage.
The orc warrior barely misses you. The orc priest misses you.
The orc misses you.
A centaur zombie comes into view.
Casting: Ensorcelled Hibernation (safe; 2% risk of failure)
Confirm with . or Enter, or press ? or * to list all spells.
Aiming: Ensorcelled Hibernation (safe; 2% risk of failure)
Press: ? - help, Shift-Dir - straight line, f/p - orc priest
Aim: an orc priest, wielding a +0 dagger (chance to affect: 51%)
The orc priest resists with some effort.
The orc warrior hits you.
The orc priest hits you but does no damage.
The orc priest mumbles some strange prayers to Beogh against you.
Beogh smites you! The orc hits you with a +0 whip.
The orc priest calls down the wrath of Beogh upon you.
Beogh smites you!
* * * LOW HITPOINT WARNING * * *
Your +0 dire flail hits the orc priest.
There is a stone staircase leading up here.
The orc priest mumbles some strange prayers to Beogh against you.
Pain shoots through your body!
You die...

#........
#.........
#..........
#...........
#...........
##...........
#.........$..
#.@Zo........
#...o........
#...o.(...$..
#...#o..#...
#...#...#
#...#...#
#...#####
#...# #...#


You could see an orc warrior (ally target), 2 orc priests, an orc, a centaur
zombie and a friendly +0 dire flail.

Vanquished Creatures
  Sigmund (D:3)
  A steam dragon (D:6)
  A black bear (D:6)
  An ice beast (D:7)
  2 ogres
  5 centaurs (D:6)
  A kobold brigand (D:6)
  2 bullfrogs
  A water moccasin zombie (D:7)
  3 scorpions (D:5)
  A wyvern skeleton (D:7)
  A howler monkey (D:6)
  A centaur zombie (D:6)
  A jelly (D:4)
  4 hounds
  3 bullfrog skeletons
  A centaur skeleton (D:5)
  4 orc wizards
  3 iguanas
  A howler monkey zombie (D:4)
  5 gnolls
  7 adders
  A howler monkey skeleton (D:5)
  A shadow imp (D:7)
  4 ufetubi
  An adder skeleton (D:4)
  2 dart slugs
  7 orcs
  2 bats
  7 endoplasms
  2 giant cockroaches
  A goblin (D:2)
  5 hobgoblins
  5 quokkas
  8 ball pythons
  2 frilled lizards
  15 kobolds
  5 rats
118 creatures vanquished.

Vanquished Creatures (collateral kills)
  An ogre (D:5)
  A centaur (D:7)
  A kobold brigand (D:7)
  A gnoll shaman (D:7)
  A gnoll (D:7)
  An orc (D:4)
  6 kobolds (D:7)
12 creatures vanquished.

Vanquished Creatures (others)
  A dancing weapon (D:6)
1 creature vanquished.

Grand Total: 131 creatures vanquished

Notes
Turn   | Place    | Note
-------+----------+-------------------------------------------
     0 | D:1      | Vertinox the Spriggan Enchanter began the quest for the
                  | Orb.
     0 | D:1      | Reached XP level 1. HP: 9/9 MP: 5/5
   483 | D:1      | Found a faded altar of an unknown god.
   835 | D:2      | Reached XP level 2. HP: 13/13 MP: 7/7
   838 | D:2      | Learned a level 2 spell: Ensorcelled Hibernation
  1543 | D:2      | Reached XP level 3. HP: 16/16 MP: 7/9
  1547 | D:2      | Learned a level 3 spell: Tukima's Dance
  1551 | D:2      | Learned a level 3 spell: Dazzling Flash
  2303 | D:3      | Reached XP level 4. HP: 21/21 MP: 11/11
  2360 | D:3      | Reached skill level 5 in Hexes
  2991 | D:3      | Noticed a sky beast
  3355 | D:3      | Noticed Sigmund
  3383 | D:3      | Killed Sigmund
  3384 | D:3      | Reached skill level 5 in Spellcasting
  3384 | D:3      | Reached XP level 5. HP: 22/24 MP: 3/14
  3781 | D:4      | Reached XP level 6. HP: 28/28 MP: 12/15
  4835 | D:5      | Entered Level 5 of the Dungeon
  4976 | D:5      | Reached XP level 7. HP: 20/32 MP: 8/18
  5175 | D:5      | Found a sacrificial altar of Ru.
  5175 | D:5      | Found a sparkling altar of Nemelex Xobeh.
  5424 | D:5      | Found a radiant altar of Vehumet.
  5539 | D:5      | You fall into a shaft and drop 2 floors!
  5586 | D:7      | Found Rurorgh's Weapon Emporium.
  5707 | D:7      | Reached XP level 8. HP: 28/36 MP: 21/21
  6194 | D:6      | Reached skill level 5 in Stealth
  6461 | D:6      | Reached skill level 6 in Stealth
  6470 | D:6      | Found a staircase to the Ecumenical Temple.
  6500 | Temple   | Entered the Ecumenical Temple
  6641 | D:6      | Reached skill level 7 in Stealth
  6729 | D:6      | Reached skill level 8 in Stealth
  7178 | D:6      | Reached skill level 9 in Stealth
  7239 | D:6      | Reached skill level 10 in Stealth
  7368 | D:6      | Reached skill level 11 in Stealth
  7507 | D:6      | Reached XP level 9. HP: 22/39 MP: 22/22
  8059 | D:7      | Found a blossoming altar of Fedhas.
  8136 | D:7      | Found a shadowy altar of Dithmenos.
  8143 | D:7      | Reached skill level 12 in Stealth
  8154 | D:7      | Became a worshipper of Dithmenos the Shadowed
  8984 | D:7      | Reached skill level 1 in Fighting
  9047 | D:7      | Found Liuph's General Store.
  9055 | D:7      | Bought a scroll of magic mapping for 52 gold pieces
  9055 | D:7      | Bought a scroll of immolation for 52 gold pieces
  9055 | D:7      | Bought 2 potions of curing for 90 gold pieces
  9055 | D:7      | Bought a scroll of identify for 30 gold pieces
  9070 | D:7      | Found Peleg's Assorted Antiques.
  9082 | D:7      | Bought 2 sapphire potions for 48 gold pieces
  9477 | D:8      | HP: 2/41 [orc priest/divine providence (11)]
  9480 | D:8      | Killed from afar by an orc priest

Illustrated notes

Levels and vault maps discovered:
D:1:      dpeg_arrival_solitude, layout_rooms, basic_ecumenical_altar
D:2:      layout_loops_ring, minmay_pentomino_s4
D:3:      layout_loops_corners, serial_co_window_serial, co_window_corner_a,
          co_window_of_opportunity_a, co_window_paths_b, co_window_cross_1,
          co_window_corner_a, co_window_paths_a, co_window_paths_b,
          co_window_unsneaky_path_a, co_window_2corner, co_window_paths_c,
          co_window_paths_e, co_window_sun, glass_columns_a, uniq_sigmund
D:4:      layout_gridville
D:5:      layout_rooms, lemuel_round_altar, gammafunk_temple_overflow_pools
D:6:      black_bear_nest_2, layout_basic, minmay_temple_entry_butterflies
D:7:      layout_layer_cave, grunt_dithmenos_smoke,
          nicolae_overflow_hidden_temple, serial_shops, nicolae_stop_n_shop_2,
          nicolae_lakefront_shop, shop_fountains
D:8:      layout_basic, nicolae_uskayaw_dance_hall
Temple:   eino_wide_crystal_templ

Skill      XL: |  1  2  3  4  5  6  7  8  9 |
---------------+----------------------------+-----
Spellcasting   | 3 4 5 7 8 |  8.7
Hexes          | 4 6 7 8 9 |  9.0
Stealth        | 11 12 | 12.1
Dodging        | 3 |  3.5
Short Blades   | 2 |  2.1
Fighting       | 1 |  1.0

Action                   |  1- 3 |  4- 6 |  7- 9 || total
-------------------------+-------+-------+-------++-------
Melee: Dagger            |    67 |   149 |   272 ||   488
Throw: Throwing net      |       |     1 |       ||     1
       Dart              |       |       |     2 ||     2
 Cast: Ensorcelled Hiber |     9 |    30 |    48 ||    87
       Tukima's Dance    |       |     6 |    13 ||    19
       Dazzling Flash    |       |       |     2 ||     2
  Use: Scroll            |     3 |     2 |     7 ||    12
       Potion            |     1 |     2 |     2 ||     5
 Stab: Sleeping          |    17 |    25 |    29 ||    71
       Distracted        |     2 |       |       ||     2
       Invisible         |       |     3 |     2 ||     5
Armor: Robe              |     7 |    24 |    42 ||    73
       Steam dragon scal |       |       |    58 ||    58
Dodge: Dodged            |    32 |    91 |   366 ||   489

Table legend: (Time is in decaauts)
 A = Elapsed time spent in this place.
 B = Non-inter-level travel time spent in this place.
 C = Inter-level travel time spent in this place.
 D = Time resting spent in this place.
 E = Time spent auto-exploring this place.
 F = Levels seen in this place.
 G = Mean time per level.
                   A        B        C        D        E       F      G
               +--------+--------+--------+--------+--------+-----+--------+
         Total |   7369 |   7150 |    219 |    547 |   5342 |   9 |  818.8 |
       Dungeon |   7280 |   7075 |    205 |    547 |   5274 |   8 |  910.0 |
        Temple |     88 |     75 |     13 |      0 |     68 |   1 |   88.0 |
               +--------+--------+--------+--------+--------+-----+--------+

Top non-repeatable levels by time:
     D:7: 1460 daAuts
     D:6: 1154 daAuts
     D:3: 1098 daAuts
     D:4: 935 daAuts
     D:5: 905 daAuts
     D:2: 877 daAuts
     D:1: 833 daAuts
  Temple: 88 daAuts
     D:8: 16 daAuts
